 Dungeon Crawl Stone Soup version 0.30-a0-996-ga6910c8ee8 (webtiles) character file.

Game seed: 9183190085961578191

147 jimonade the Magician (level 5, -6/35 HPs)
             Began as a Djinni Fire Elementalist on Apr 4, 2023.
             Mangled by Eustachio
             ... wielding a +0 rapier
              (8 damage)
             ... on level 4 of the Dungeon.
             The game lasted 00:07:31 (3434 turns).

jimonade the Magician (Djinni Fire Elementalist)    Turns: 3434, Time: 00:07:32

Health: -6/35      AC:  2    Str:  9    XL:     5   Next: 55%
Gold:   193        EV: 12    Int: 17    God:
                   SH:  0    Dex: 13

rFire   + + .      SeeInvis .    a - +4 whip (venom)
rCold   x . .      Faith    .    (no shield)
rNeg    . . .      Spirit   .    d - +0 robe
rPois   ∞          Reflect  .    (no helmet)
rElec   .          Rampage  .    o - scarf {repulsion}
rCorr   .                        (no gloves)
Will    .....                    (boots unavailable)
Stlth   ++                       (no amulet)
HPRegen 0.25/turn                h - +4 ring of slaying
MPRegen 0.00/turn                x - +4 ring of slaying

@: flying, repel missiles
A: sickness immunity, fire resistance 2, cold vulnerability 1, float, innate
caster, HP casting, extra vitality 1
a: no special abilities


You were on level 4 of the Dungeon.
You visited 1 branch of the dungeon, and saw 4 of its levels.

You collected 193 gold pieces.

Inventory:

Hand Weapons
 a - a +4 whip of venom (weapon)
 j - a +0 quarterstaff
 r - a +0 short sword
 t - a +4 mace
Missiles
 g - 2 poisoned darts
 k - 42 stones
 u - 3 atropa-tipped darts
Armour
 d - a +0 robe (worn)
 i - a +0 ring mail
 o - a scarf of repulsion (worn)
Jewellery
 h - a +4 ring of slaying (left hand)
 q - a ring of see invisible
 x - a +4 ring of slaying (right hand)
 y - a +6 ring of dexterity
Wands
 w - a wand of iceblast (11)
Scrolls
 f - 3 scrolls of teleportation {unknown}
 l - a scroll of immolation {unknown}
 p - a scroll of enchant weapon {unknown}
 s - a scroll of fog {unknown}
 v - a scroll of blinking {unknown}
Potions
 b - 3 potions of heal wounds {unknown}
 c - 2 potions of flight {unknown}
 e - 2 potions of curing {unknown}
 m - a potion of invisibility {unknown}
 n - a potion of might {unknown}


   Skills:
 + Level 0.1 Maces & Flails
 + Level 2.5 Dodging
 - Level 1.5 Stealth
 + Level 4.4 Spellcasting


You knew the following spells:

 Your Spells              Type           Power      Damage    Failure   Level
a - Foxfire               Conj/Fire      72%        2x1d7     2%          1
b - Scorch                Fire           36%        2d6       3%          2
c - Kindle Blastsparks    Fire/Tloc/Air  36%        2d13      8%          3
d - Inner Flame           Hex/Fire       18%        N/A       8%          3
e - Flame Wave            Conj/Fire      18%        2d7       24%         4
f - Slow                  Hex            72%        N/A       2%          1
g - Poisonous Vapours     Pois/Air       36%        N/A       3%          2
Your spell library was empty.

Dungeon Overview and Level Annotations

Branches:
Dungeon (4/15)
 Temple: D:4-7

Altars:
Hepliaklqana
Okawaru

Shops:
D:2 *:(*[

Annotations:
D:4 Eustachio


Innate Abilities, Weirdness & Mutations

You are immune to sickness and miasma.
You are immune to poison.
Your flesh is very heat resistant. (rF++)
You are vulnerable to cold. (rC-)
You float through the air rather than walking.
You learn spells naturally, not from books.
Your magical power is your life essence.
You have superior vitality. (+4 MHP)


Message History

You start resting.
HP restored.
You start waiting.
A giant cockroach comes into view.
You fly downwards.
Level annotation: Eustachio
There is a stone staircase leading up here.
You fly upwards.
There is a stone staircase leading down here.
You fly downwards.
Level annotation: Eustachio Eustachio yells, "Perjured traitor, DIE!"
Eustachio zaps a wand.
The bolt of dispelling energy hits you!
There is a stone staircase leading up here.
You fly upwards.
There is a stone staircase leading down here.
You start resting.
HP restored.
You fly downwards.
Level annotation: Eustachio
There is a stone staircase leading up here.
Eustachio screams, "At last I'll have my revenge!"
Eustachio zaps a wand.
The bolt of dispelling energy hits you! Eustachio closely misses you.
You closely miss Eustachio. Eustachio misses you.
You hit Eustachio. You punch Eustachio.
Eustachio is moderately wounded.
Eustachio hits you with a +0 rapier!
You closely miss Eustachio.
Eustachio is moderately wounded.
Eustachio hits you with a +0 rapier.
You whack Eustachio!
Eustachio is poisoned.
Eustachio is heavily wounded.
Eustachio closely misses you.
Eustachio zaps a wand.
The bolt of dispelling energy hits you!
* * * LOW HITPOINT WARNING * * *
You completely miss Eustachio.
Eustachio is heavily wounded.
Eustachio hits you with a +0 rapier!
You die...

..## #... #..# #..#
## ### #..# .?. #.
#.. #..##..##
#..##.#######.÷.....#
#.......<.@@...# .
...##..........###..#
#..######........
##.##..### #..###..#
#....)...####..###.##
#.###..#.........>.#
#...######.####.##
#................#
#...###.#..######.


You could see Eustachio (very poisoned).

Vanquished Creatures
  An iguana (D:3)
  7 adders
  A worm (D:2)
  A dart slug (D:1)
  An orc (D:4)
  9 bats
  7 endoplasms
  2 giant cockroaches (D:2)
  2 goblins
  8 hobgoblins
  4 kobolds
  A quokka (D:3)
  5 ball pythons
  2 frilled lizards
  6 rats
57 creatures vanquished.

Vanquished Creatures (others)
  134 foxfires
134 creatures vanquished.

Grand Total: 191 creatures vanquished

Notes
Turn   | Place    | Note
-------+----------+-------------------------------------------
     0 | D:1      | jimonade the Djinni Fire Elementalist began the quest for
                  | the Orb.
     0 | D:1      | jimonade set off with the following spells memorised:
                  | Foxfire, Scorch, Kindle Blastsparks, Inner Flame, Flame
                  | Wave.
     0 | D:1      | Reached XP level 1. HP: 15/15 MP: 0/0
   112 | D:1      | Reached XP level 2. HP: 19/21 MP: 0/0
   469 | D:1      | Reached skill level 3 in Spellcasting
   651 | D:1      | Found a faded altar of an unknown god.
   781 | D:2      | Found Wusut's Assorted Antiques.
   787 | D:2      | Reached XP level 3. HP: 17/25 MP: 0/0
   787 | D:2      | Learned a level 1 spell: Slow
   960 | D:2      | Found Ukkuj's Book Boutique.
  1041 | D:2      | Found Eklesoc's Assorted Antiques.
  1077 | D:2      | Reached XP level 4. HP: 31/31 MP: 0/0
  1266 | D:2      | Found Nacol Utu's Antique Weapon Shoppe.
  1279 | D:2      | Found Dadeak's Antique Armour Shop.
  1854 | D:3      | Reached skill level 4 in Spellcasting
  1937 | D:3      | Reached XP level 5. HP: 24/35 MP: 0/0
  1937 | D:3      | Learned a level 2 spell: Poisonous Vapours
  2058 | D:3      | Found a faded altar of an unknown god.
  2588 | D:3      | Found an iron altar of Okawaru.
  2623 | D:3      | Found a hazy altar of Hepliaklqana.
  2995 | D:4      | Noticed Eustachio
  3231 | D:4      | HP: 1/35 [rat[Eustachio] (1)]
  3434 | D:4      | Mangled by Eustachio

Illustrated notes

Levels and vault maps discovered:
D:1:      dpeg_arrival_long_road, layout_loops_ring,
          hellmonk_ecumenical_altar_leap_of_faith,
          chequers_serial_rivers_small_b, hangedman_abyss_or_decor_stabs
D:2:      layout_basic, serial_shops, shop, nicolae_shop_overgrown_old_shop,
          nicolae_shop_statue_plus, shop,
          nicolae_shop_temple_entry_statues_fountains
D:3:      layout_basic, lemuel_round_altar, nicolae_overflow_ecumenical_swirl,
          minmay_misc_feat_diagonals
D:4:      minmay_thinvault, layout_loops_ring, mainiacjoe_overflow_brackets,
          kennysheep_generic_room_9, uniq_eustachio

Skill      XL: |  1  2  3  4 |
---------------+-------------+-----
Spellcasting   | 3 4 |  4.4
Maces & Flails | |  0.1
Dodging        | |  2.5
Stealth        | |  1.5

Action                     |  1- 3 |  4- 6 || total
---------------------------+-------+-------++-------
  Melee: Short sword       |     2 |       ||     2
         Punch             |     1 |     2 ||     3
         Quarterstaff      |     5 |     1 ||     6
         Whip              |       |    37 ||    37
   Cast: Foxfire           |    60 |    41 ||   101
         Scorch            |       |     4 ||     4
         Poisonous Vapours |       |     1 ||     1
   Stab: Sleeping          |       |     2 ||     2
 Armour: Robe              |    10 |    14 ||    24
  Dodge: Dodged            |    18 |    35 ||    53
         Repelled          |       |     1 ||     1

Table legend: (Time is in decaauts)
 A = Elapsed time spent in this place.
 B = Non-inter-level travel time spent in this place.
 C = Inter-level travel time spent in this place.
 D = Time resting spent in this place.
 E = Time spent auto-exploring this place.
 F = Levels seen in this place.
 G = Mean time per level.
                   A        B        C        D        E       F      G
               +--------+--------+--------+--------+--------+-----+--------+
         Total |   3439 |   3293 |    146 |    366 |   2213 |   4 |  859.8 |
       Dungeon |   3439 |   3293 |    146 |    366 |   2213 |   4 |  859.8 |
               +--------+--------+--------+--------+--------+-----+--------+

Top non-repeatable levels by time:
     D:3: 1570 daAuts
     D:2: 966 daAuts
     D:1: 780 daAuts
     D:4: 122 daAuts
